 Dungeon Crawl Stone Soup version 0.27-a0-887-gcab673c142 (webtiles) character file.

Game seed: 2357863232096439258

379 leviel the Slasher (level 6, 0/58 HPs)
             Began as a Gnoll Chaos Knight on Apr 4, 2021.
             Was a Plaything of Xom.
             Slain by a steam dragon (1 damage)
             ... on level 8 of the Dungeon.
             The game lasted 00:07:07 (2725 turns).

leviel the Slasher (Gnoll Chaos Knight)             Turns: 2725, Time: 00:07:08

Health: 0/58       AC:  5    Str: 19    XL:     6   Next: 74%
Magic:  9/9        EV: 12    Int: 11    God:    Xom [......]
Gold:   132        SH:  0    Dex:  8    Spells: 9/9 levels left

rFire    . . .     SeeInvis +   a - +0 falchion (chaos)
rCold    . . .     Faith    .   (no shield)
rNeg     . . .     Spirit   .   b - +2 leather armour
rPois    .         Reflect  .   (no helmet)
rElec    .         Harm     .   (no cloak)
rCorr    .         Rampage  .   (no gloves)
Will     .....                  (no boots)
Stlth    +.........             j - amulet of magic regeneration
HPRegen  0.19/turn              c - +6 ring of strength
MPRegen  0.36/turn              (no ring)

@: no status effects
A: fangs 1, strong nose, distributed training, see invisible, clumsy 2, robust 1
a: Renounce Religion


You were on level 8 of the Dungeon.
You worshipped Xom.
You were a very special plaything of Xom.
You visited 1 branch of the dungeon, and saw 6 of its levels.

You collected 132 gold pieces.

Inventory:

Hand Weapons
 a - a +0 falchion of chaos (weapon)
Missiles
 q - 6 poisoned darts (quivered)
Armour
 b - a +2 leather armour (worn)
Jewellery
 c - a +6 ring of strength (left hand)
 j - an amulet of magic regeneration (around neck)
Wands
 d - a wand of acid (9)
 k - a wand of mindburst (11)
 l - a wand of iceblast (8)
Scrolls
 f - 3 scrolls of identify
 g - a scroll of immolation {unknown}
 h - a scroll of vulnerability {unknown}
 i - 2 scrolls of noise {unknown}
 m - a scroll of magic mapping {unknown}
 n - a scroll of enchant armour {unknown}
 o - a scroll of enchant weapon {unknown}


   Skills:
 + Level 6.9 Fighting
 + Level 2.1 Short Blades
 + Level 6.9 Long Blades
 + Level 2.1 Axes
 + Level 2.1 Maces & Flails
 + Level 2.1 Polearms
 + Level 2.1 Staves
 + Level 2.1 Slings
 + Level 2.1 Bows
 + Level 2.1 Crossbows
 + Level 2.1 Throwing
 + Level 5.0 Armour
 + Level 3.3 Dodging
 + Level 2.1 Stealth
 + Level 2.1 Shields
 + Level 2.1 Unarmed Combat
 + Level 2.1 Spellcasting
 + Level 1.6 Conjurations
 + Level 1.6 Hexes
 + Level 1.6 Summonings
 + Level 1.6 Necromancy
 + Level 1.6 Translocations
 + Level 1.6 Transmutations
 + Level 1.6 Fire Magic
 + Level 1.6 Ice Magic
 + Level 1.6 Air Magic
 + Level 1.6 Earth Magic
 + Level 1.6 Poison Magic
 + Level 2.3 Invocations
 + Level 2.1 Evocations


You had 9 spell levels left.
You didn't know any spells.
Your spell library was empty.

Dungeon Overview and Level Annotations

Branches:
Dungeon (5/15)
 Temple: D:4-7

Altars:
Nemelex Xobeh
Qazlal

Annotations:
D:8 2 transporters


Innate Abilities, Weirdness & Mutations

You have very sharp teeth.
Your uncanny sense of smell can sniff out nearby items.
Your experience applies equally to all skills.
You have supernaturally acute eyesight. (SInv)
You are very clumsy. (Dex -4)
You are robust. (+10% HP)


Message History

A bullfrog comes into view.
The bullfrog gives a loud, deep croak!
You hear a loud, deep croak!
You hear a croak.
You hear a shout!
A centaur comes into view.
The centaur shouts!
You hear a shout!
Found three transporters.
A deep elf pyromancer and an unseen horror come into view.
A bullfrog comes into view.
The centaur wields a +0 shortbow.
The centaur shoots an arrow.
The arrow hits you.
The deep elf pyromancer gestures at you while chanting.
The bolt of fire hits you!!
Ouch! That really hurt!
There is a transporter, spattered with blood here.
You enter the transporter and appear at another place.
An orc, an orc wizard, 2 wights and a zombie come into view.
The steam dragon bites you.
The steam dragon claws you but does no damage.
Found a stone staircase leading up.
As you read the scroll of teleportation, it crumbles to dust.
You feel strangely unstable.
The centaur shoots an arrow.
The arrow hits you!
* * * LOW HITPOINT WARNING * * *
The bullfrog closely misses you. The bullfrog barely misses you.
You riposte.
You closely miss the bullfrog. The steam dragon bites you.
* * * LOW HITPOINT WARNING * * *
The steam dragon closely misses you.
Okay, then.
It was a potion of cancellation.
You feel strangely stable.
You feel magically purged. The unseen horror closely misses you.
You riposte.
You hit the unseen horror.
The unseen horror seems to grow stronger.
The unseen horror is lightly wounded.
The centaur unwields a +0 shortbow.
The centaur hits you.
* * * LOW HITPOINT WARNING * * *
The centaur closely misses you. The bullfrog hits you.
* * * LOW HITPOINT WARNING * * *
The bullfrog barely misses you. x2; The steam dragon bites you.
You die...
Xom guffaws!

.<. #.# #.##
#..#### ......
∆ #####.©.#####
∆
##...#####...#
##....F@Dz.Z...
#......Fczo....
#.....#.o.#....
#...x##...# ...
##.©...#.#. .
#...#......#...
#...#.©...#.#
..
##..#...##...
#.. #.##....
.e#


You could see an unseen horror (strong, invisible), a steam dragon, 2 bullfrogs,
a centaur, 2 wights, an orc wizard, an orc and a howler monkey zombie.

Vanquished Creatures
  A phantom (D:4)
  An orc priest (D:3)
  Terence (D:3)
  Robin (D:3)
  2 adders
  2 worms (D:2)
  5 endoplasms
  2 giant cockroaches (D:1)
  12 goblins
  10 hobgoblins
  10 jackals
  4 quokkas
  4 ball pythons (D:1)
  4 bats
  3 frilled lizards
  4 kobolds
  5 rats
71 creatures vanquished.

Vanquished Creatures (collateral kills)
  A black bear (D:5)
  Ijyb (D:3)
  Natasha (thrice) (D:3)
  An orc (D:3)
  An endoplasm (D:3)
  2 hobgoblins (D:3)
9 creatures vanquished.

Grand Total: 80 creatures vanquished

Notes
Turn   | Place    | Note
-------+----------+-------------------------------------------
     0 | D:1      | leviel the Gnoll Chaos Knight began the quest for the Orb.
     0 | D:1      | Reached XP level 1. HP: 23/23 MP: 1/1
    46 | D:1      | XOM: potion effect (haste)
    56 | D:1      | XOM: silly message
   208 | D:1      | Reached XP level 2. HP: 29/29 MP: 2/2
   208 | D:1      | XOM: divination: magic mapping
   455 | D:1      | Found a faded altar of an unknown god.
   470 | D:1      | Reached XP level 3. HP: 35/35 MP: 3/3
   533 | D:1      | XOM: divination: magic mapping
   838 | D:2      | Reached skill level 1 in Invocations
   931 | D:2      | Reached skill level 1 in Short Blades
   931 | D:2      | Reached skill level 1 in Axes
   931 | D:2      | Reached skill level 1 in Maces & Flails
   931 | D:2      | Reached skill level 1 in Polearms
   931 | D:2      | Reached skill level 1 in Staves
   931 | D:2      | Reached skill level 1 in Slings
   931 | D:2      | Reached skill level 1 in Bows
   931 | D:2      | Reached skill level 1 in Crossbows
   931 | D:2      | Reached skill level 1 in Throwing
   931 | D:2      | Reached skill level 1 in Stealth
   931 | D:2      | Reached skill level 1 in Shields
   931 | D:2      | Reached skill level 1 in Unarmed Combat
   931 | D:2      | Reached skill level 1 in Spellcasting
   931 | D:2      | Reached skill level 1 in Evocations
  1010 | D:2      | Reached XP level 4. HP: 39/41 MP: 5/5
  1568 | D:3      | Found a sparkling altar of Nemelex Xobeh.
  1594 | D:3      | Noticed Natasha
  1599 | D:3      | XOM: enchant monster (good)
  1600 | D:3      | Reached skill level 1 in Conjurations
  1600 | D:3      | Reached skill level 1 in Hexes
  1600 | D:3      | Reached skill level 1 in Summonings
  1600 | D:3      | Reached skill level 1 in Necromancy
  1600 | D:3      | Reached skill level 1 in Translocations
  1600 | D:3      | Reached skill level 1 in Transmutations
  1600 | D:3      | Reached skill level 1 in Fire Magic
  1600 | D:3      | Reached skill level 1 in Ice Magic
  1600 | D:3      | Reached skill level 1 in Air Magic
  1600 | D:3      | Reached skill level 1 in Earth Magic
  1600 | D:3      | Reached skill level 1 in Poison Magic
  1617 | D:3      | Killed Natasha
  1618 | D:3      | Reached XP level 5. HP: 9/47 MP: 5/7
  1637 | D:3      | Killed Natasha
  1653 | D:3      | XOM: god gift: wand of acid (9)
  1762 | D:3      | Noticed Natasha
  1768 | D:3      | Killed Natasha
  1804 | D:3      | Noticed Ijyb
  1810 | D:3      | Killed Ijyb
  2027 | D:3      | Noticed Terence
  2034 | D:3      | Killed Terence
  2155 | D:3      | XOM: polymorph goblin -> rat
  2206 | D:3      | Noticed Robin
  2214 | D:3      | Reached XP level 6. HP: 46/52 MP: 8/8
  2222 | D:3      | Killed Robin
  2310 | D:3      | Found a stormy altar of Qazlal.
  2345 | D:3      | XOM: give mutations
  2345 | D:3      | Gained mutation: You are clumsy. (Dex -2) [Xom's mischief]
  2345 | D:3      | Gained mutation: You are very clumsy. (Dex -4) [Xom's
                  | mischief]
  2491 | D:4      | Reached skill level 5 in Armour
  2495 | D:5      | Entered Level 5 of the Dungeon
  2553 | D:5      | XOM: give mutations
  2553 | D:5      | Gained mutation: You are robust. (+10% HP) [Xom's grace]
  2553 | D:5      | Gained mutation: You have supernaturally acute eyesight.
                  | (SInv) [Xom's grace]
  2598 | D:5      | Noticed a black bear
  2617 | D:5      | XOM: summons friendly white imp
  2623 | D:5      | Killed a black bear
  2712 | D:5      | Noticed an ice beast
  2715 | D:5      | XOM: enchant monster (good)
  2721 | D:5      | You fall into a shaft and drop 3 floors!
  2721 | D:8      | Found a transporter.
  2721 | D:8      | Found a transporter.
  2721 | D:8      | Found a transporter.
  2721 | D:8      | Noticed a steam dragon
  2722 | D:8      | Noticed a deep elf pyromancer
  2722 | D:8      | Noticed an unseen horror
  2725 | D:8      | HP: 1/58 [bullfrog (2)]
  2725 | D:8      | Slain by a steam dragon

Illustrated notes

Levels and vault maps discovered:
D:1:      dpeg_arrival_tiny_i, layout_rooms, basic_ecumenical_altar,
          chequers_serial_rivers_small_3
D:2:      layout_rooms, moated_statue, kennysheep_boxes
D:3:      layout_basic, nicolae_qazlal_eye_of_the_storm, old_standard_altar,
          uniq_robin, uniq_natasha, uniq_ijyb, uniq_terence
D:4:      kennysheep_spiral_hall, layout_basic, general_overflow_altar,
          serial_shops, shop, eino_curves_04, uniq_menkaure
D:5:      layout_cave_pools, uniq_sigmund
D:8:      gammafunk_the_bubble [the_bubble_gammafunk_roulette],
          layout_loops_ring, lemuel_round_altar, old_standard_altar,
          kennysheep_mini_moat, hellmonk_ghost_happy_afterlife

Skill      XL: |  1  2  3  4  5  6 |
---------------+-------------------+-----
Invocations    | 1 2 |  2.3
Short Blades   | 1 2 |  2.1
Axes           | 1 2 |  2.1
Maces & Flails | 1 2 |  2.1
Polearms       | 1 2 |  2.1
Staves         | 1 2 |  2.1
Slings         | 1 2 |  2.1
Bows           | 1 2 |  2.1
Crossbows      | 1 2 |  2.1
Throwing       | 1 2 |  2.1
Stealth        | 1 2 |  2.1
Shields        | 1 2 |  2.1
Unarmed Combat | 1 2 |  2.1
Spellcasting   | 1 2 |  2.1
Evocations     | 1 2 |  2.1
Conjurations   | 1 |  1.6
Hexes          | 1 |  1.6
Summonings     | 1 |  1.6
Necromancy     | 1 |  1.6
Translocations | 1 |  1.6
Transmutations | 1 |  1.6
Fire Magic     | 1 |  1.6
Ice Magic      | 1 |  1.6
Air Magic      | 1 |  1.6
Earth Magic    | 1 |  1.6
Poison Magic   | 1 |  1.6
Dodging        | 3 |  3.3
Armour         | 5 |  5.0
Fighting       | |  6.9
Long Blades    | |  6.9

Action                   |  1- 3 |  4- 6 || total
-------------------------+-------+-------++-------
Melee: Falchion          |    83 |   100 ||   183
       Bite              |     5 |     9 ||    14
       Punch             |       |     2 ||     2
  Use: Potion            |     1 |     3 ||     4
       Scroll            |     1 |     2 ||     3
 Stab: Petrifying        |     1 |       ||     1
       Sleeping          |       |     1 ||     1
Armor: Leather armour    |    22 |    21 ||    43
Dodge: Dodged            |    58 |    64 ||   122
       Rpst.: Falchion   |    16 |    16 ||    32

Table legend: (Time is in decaauts)
 A = Elapsed time spent in this place.
 B = Non-inter-level travel time spent in this place.
 C = Inter-level travel time spent in this place.
 D = Time resting spent in this place.
 E = Time spent auto-exploring this place.
 F = Levels seen in this place.
 G = Mean time per level.
                   A        B        C        D        E       F      G
               +--------+--------+--------+--------+--------+-----+--------+
         Total |   2701 |   2637 |     64 |     58 |   2132 |   6 |  450.2 |
       Dungeon |   2701 |   2637 |     64 |     58 |   2132 |   6 |  450.2 |
               +--------+--------+--------+--------+--------+-----+--------+

Top non-repeatable levels by time:
     D:3: 869 daAuts
     D:1: 794 daAuts
     D:2: 740 daAuts
     D:5: 225 daAuts
     D:4: 67 daAuts
     D:8: 3 daAuts
